AoeStats
← p.bertin

Arabia

506382038Analyzed
1v1 RM · 19d ago on Sep 13, 2026· 51m 2s· 2 players
Game mode
Random Map
Map size
Tiny (2 player)
Population
200
Speed
Normal
Resources
Standard
Victory
Conquest
Starting age
Dark Age
Ending age
Imperial Age
RankedLock teamsTeams togetherTeam positionsShared explorationLock speedFull tech treeHidden civsTurbo modeCheats
Victory
Defeat
🇨🇳 Wei · China
1195
+16
🇧🇪 Romans · Belgium
1186
-16
p.bertin
7:12 Loom
10:16 Feudal Age
11:02 Double-Bit Axe
12:20 Man-at-Arms
17:28 Horse Collar
18:51 Wheelbarrow
18:58 Scale Mail Armor
19:07 Padded Archer Armor
23:48 Castle Age
22:02 Forging
23:15 Fletching
24:15 Gold Mining
24:13 Long Swordsman
24:53 Squires
24:32 Elite Skirmisher
25:53 Elite Skirmisher
26:30 Bodkin Arrow
26:52 Chain Mail Armor
28:23 Heavy Plow
28:37 Bow Saw
30:36 Leather Archer Armor
38:59 Ballistics
39:40 Town Watch
40:27 Pikeman
42:55 Iron Casting
42:57 Hand Cart
47:33 Imperial Age
49:01 Ring Archer Armor
49:31 Blast Furnace
48:13 Halberdier
H2blue
6:08 Loom
8:45 Feudal Age
10:17 Double-Bit Axe
17:01 Horse Collar
22:31 Castle Age
20:24 Fletching
22:08 Bloodlines
22:02 Padded Archer Armor
21:59 Gold Mining
23:13 Husbandry
23:39 Bow Saw
23:53 Bodkin Arrow
25:09 Leather Archer Armor
26:40 Wheelbarrow
26:47 Heavy Plow
34:11 Imperial Age
32:39 Ballistics
33:55 Scale Barding Armor
34:00 Forging
36:57 Chemistry
35:58 Bracer
37:15 Parthian Tactics
37:36 Iron Casting
36:52 Light Cavalry
38:43 Chain Barding Armor
37:54 Hussar
42:54 Ring Archer Armor
43:25 Blast Furnace
43:52 Thumb Ring
48:14 Hand Cart
48:46 Conscription
48:28 Tuntian
49:50 Ming Guang Armor
Connection lost

Rejoining the realm…

Still unreachable

The connection could not be restored.

Session expired

The server has moved on; the page needs a fresh start.